 Dungeon Crawl Stone Soup version 0.29-a0-1065-g47a6bb87d6 (webtiles) character file.

Game seed: 3424521433145492460

30 Newt the Sneak (level 3, 0/40 HPs)
             Began as a Demonspawn Gladiator on Aug 18, 2022.
             Slain by Terence
             ... wielding a +1 mace of holy wrath
              (3 damage)
             ... on level 2 of the Dungeon.
             The game lasted 00:01:50 (1423 turns).

Newt the Sneak (Demonspawn Gladiator)               Turns: 1423, Time: 00:01:50

Health: 0/40       AC:  6    Str: 16    XL:     3   Next: 5%
Magic:  3/3        EV: 12    Int:  9    God:
Gold:   25         SH:  0    Dex: 14    Spells: 2/2 levels left

rFire   . . .      SeeInvis .   a - +0 rapier
rCold   . . .      Faith    .   (no shield)
rNeg    . . .      Spirit   .   b - +0 leather armour
rPois   .          Reflect  .   c - +0 helmet
rElec   .          Harm     .   (no cloak)
rCorr   .          Rampage  .   (no gloves)
Will    .....                   (no boots)
Stlth   ..........              (no amulet)
HPRegen 0.13/turn               (no ring)
MPRegen 0.08/turn               (no ring)

@: berserking (expiring), very quick
A: molten scales 1
a: no special abilities


You were on level 2 of the Dungeon.
You visited 1 branch of the dungeon, and saw 2 of its levels.

You collected 25 gold pieces.

Inventory:

Hand Weapons
 a - a +0 rapier (weapon)
Missiles
 d - 3 throwing nets (quivered)
 e - a javelin
 f - 32 stones
 i - 8 poisoned darts
Armour
 b - a +0 leather armour (worn)
 c - a +0 helmet (worn)
Scrolls
 k - a scroll of butterflies
Potions
 g - a potion of resistance


   Skills:
 - Level 2.0 Fighting
 - Level 2.6 Short Blades
 - Level 1.7 Throwing
 - Level 2.6 Dodging
 + Level 2.7 Stealth


You had 2 spell levels left.
You didn't know any spells.
Your spell library was empty.

Dungeon Overview and Level Annotations

Branches:
Dungeon (2/15)

Altars:

Annotations:
D:2 Terence


Innate Abilities, Weirdness & Mutations

You are partially covered in molten scales. (AC +2)


Message History

Aim: Terence, wielding a +1 mace of holy wrath, wearing a +0 scale mail and carrying a wand of roots (7) (63% to hit)
You throw a poisoned dart.
The poisoned dart barely misses Terence.
Terence hits you with a +1 mace of holy wrath!
* * * LOW HITPOINT WARNING * * *
You convulse.
* * * LOW HITPOINT WARNING * * *
Okay, then.
It was a potion of heal wounds.
You feel much better.
Terence hits you with a +1 mace of holy wrath.
You convulse!
A red film seems to cover your vision as you go berserk!
You feel yourself moving faster!
You feel mighty!
Terence hits you with a +1 mace of holy wrath.
* * * LOW HITPOINT WARNING * * *
You convulse.
* * * LOW HITPOINT WARNING * * *
Unknown command.
You closely miss Terence. Terence completely misses you.
You barely miss Terence. Terence hits you but does no damage.
You hit Terence but do no damage. Terence misses you.
You hit Terence.
Terence is moderately wounded.
You barely miss Terence.
Terence is moderately wounded.
Terence closely misses you.
You closely miss Terence.
Terence is moderately wounded.
Terence misses you.
You hit Terence.
Terence is heavily wounded.
You closely miss Terence.
Terence is heavily wounded.
Terence closely misses you.
You puncture Terence!
Terence is almost dead.
Terence hits you with a +1 mace of holy wrath.
* * * LOW HITPOINT WARNING * * *
You convulse.
You die...

# #.. ##### ... #....
#.# #.### #.# #.# #.#
#.# #.# #.# ########.#
#.#
(.....@@.###########.#
#.....###............#
#.### #.############
.<.# #####


You could see Terence.

Vanquished Creatures
  A dart slug (D:1)
  4 ball pythons
  3 endoplasms (D:1)
  A giant cockroach (D:1)
  3 goblins (D:1)
  4 jackals (D:1)
  A quokka (D:1)
  2 bats (D:1)
  2 kobolds
  3 rats
24 creatures vanquished.

Notes
Turn   | Place    | Note
-------+----------+-------------------------------------------
     0 | D:1      | Newt the Demonspawn Gladiator began the quest for the Orb.
     0 | D:1      | Reached XP level 1. HP: 16/16 MP: 1/1
   127 | D:1      | Reached skill level 1 in Stealth
   581 | D:1      | Gained mutation: You are partially covered in molten
                  | scales. (AC +2) [demonic ancestry]
   581 | D:1      | Reached XP level 2. HP: 22/22 MP: 2/2
  1333 | D:2      | Reached XP level 3. HP: 27/27 MP: 3/3
  1405 | D:2      | Noticed Terence
  1412 | D:2      | HP: 1/27 [Terence/+1 mace of holy wrath (6)]
  1423 | D:2      | Slain by Terence

Illustrated notes

Levels and vault maps discovered:
D:1:      dpeg_arrival_tiny_f, layout_loops_cross
D:2:      layout_loops_ring, chequers_ecumenical_altar_simple,
          roderic_roman_lattice, uniq_robin, uniq_terence

Skill      XL: |  1  2 |
---------------+-------+-----
Stealth        | 1 2 |  2.7
Fighting       | |  2.0
Short Blades   | |  2.6
Throwing       | |  1.7
Dodging        | |  2.6

Action                   || total
-------------------------++-------
Melee: Rapier            ||    79
       Punch             ||     1
Throw: Dart              ||     1
  Use: Scroll            ||     3
       Potion            ||     2
 Stab: Sleeping          ||     7
Armor: Leather armour    ||    29
Dodge: Dodged            ||    58

Table legend: (Time is in decaauts)
 A = Elapsed time spent in this place.
 B = Non-inter-level travel time spent in this place.
 C = Inter-level travel time spent in this place.
 D = Time resting spent in this place.
 E = Time spent auto-exploring this place.
 F = Levels seen in this place.
 G = Mean time per level.
                   A        B        C        D        E       F      G
               +--------+--------+--------+--------+--------+-----+--------+
         Total |   1425 |   1393 |     32 |    563 |    640 |   2 |  712.5 |
       Dungeon |   1425 |   1393 |     32 |    563 |    640 |   2 |  712.5 |
               +--------+--------+--------+--------+--------+-----+--------+

Top non-repeatable levels by time:
     D:1: 1325 daAuts
     D:2: 100 daAuts
